 Dungeon Crawl Stone Soup version 0.22.1-1-ga44c0e56f4 (webtiles) character file.

13 Narretz the Insei (level 2, 0/23 HPs)
             Began as a Demigod Transmuter on Nov 3, 2018.
             Slain by a kobold
             ... wielding a +0 whip
              (5 damage)
             ... on level 1 of the Dungeon.
             The game lasted 00:01:40 (559 turns).

Narretz the Insei (Demigod Transmuter)               Turns: 559, Time: 00:01:40

Health: 0/23       AC:  2    Str: 13    XL:     2   Next: 12%
Magic:  7/7        EV: 12    Int: 17    God:
Gold:   25         SH:  0    Dex: 16    Spells: 1/4 levels left

rFire    . . .     SeeInvis .     - Unarmed
rCold    . . .     Gourm    .   (no shield)
rNeg     . . .     Faith    .   b - +0 robe
rPois    .         Spirit   .   (no helmet)
rElec    .         Reflect  .   (no cloak)
rCorr    .         Harm     .   (no gloves)
MR       .....                  (no boots)
Stlth    ++........             (no amulet)
HPRegen  0.07/turn              (no ring)
MPRegen  0.10/turn              (no ring)

@: no status effects
A: high mp 1
a: no special abilities


You were on level 1 of the Dungeon.
You were not hungry.

You visited 1 branch of the dungeon, and saw 1 of its levels.

You collected 25 gold pieces.

Inventory:

Missiles
 a - 12 arrows
 c - 3 poisoned needles
 e - 3 stones (quivered)
Armour
 b - a +0 robe (worn)
Scrolls
 f - 2 scrolls of identify {unknown}
 g - a scroll of random uselessness {unknown}
 h - a scroll of immolation {unknown}
 j - 2 scrolls of fog {unknown}
 l - a scroll of teleportation {unknown}
Potions
 i - a potion of brilliance {unknown}
 k - a potion of ambrosia {unknown}
Comestibles
 d - 2 rations


   Skills:
 + Level 1.0 Fighting
 + Level 1.8 Dodging
 + Level 0.1 Stealth
 + Level 3.1 Unarmed Combat
 + Level 1.9 Spellcasting
 + Level 1.9 Transmutations


You had one spell level left.
You knew the following spells:

 Your Spells              Type           Power        Failure   Level  Hunger
a - Beastly Appendage     Tmut           #.....       9%          1    #......
b - Sticks to Snakes      Tmut           #.......     13%         2    ###....

Your spell library contained the following spells:

 Spells                   Type           Power        Failure   Level  Hunger
 Spider Form              Tmut/Pois      #.........   36%         3    ###....
 Ice Form                 Ice/Tmut       #.......     78%         4    #####..
 Blade Hands              Tmut           #.........   94%         5    ######.


Dungeon Overview and Level Annotations

Branches:
Dungeon (1/15)


Innate Abilities, Weirdness & Mutations

You have an increased reservoir of magic. (+10% MP)


Message History

The hobgoblin is almost dead.
The hobgoblin barely misses you.
You barely miss the hobgoblin. You headbutt the hobgoblin.
You kill the hobgoblin!
You closely miss the kobold. You hit the kobold.
The kobold is severely wounded.
Your horns disappear.
The kobold hits you with a whip.
You barely miss the kobold.
The kobold is severely wounded.
The kobold hits you with a whip.
* * * LOW HITPOINT WARNING * * *
You closely miss the kobold.
The kobold is severely wounded.
The kobold closely misses you.
You hit the kobold but do no damage.
The kobold is severely wounded.
The kobold hits you with a whip.
You die...

. ......# ##.....## .
...#. ##.......## #.
..... #..†......## #.#
... +.>.......'. ......
#.........## ####.#.#
##.......## #......#
##.....##
#K########...##
#@##......#+##
#.##.#.##.####.#.#
..............#.#.####
..###.#.##.##.#......#
..#$#.#.##.##.#....#.##
#.### ..##.##.#........
#......###....>....#.##
####### ####........#
##########


You could see a kobold.

Vanquished Creatures
  A dart slug (D:1)
  A giant cockroach (D:1)
  2 goblins (D:1)
  2 hobgoblins (D:1)
  A frilled lizard (D:1)
  2 kobolds (D:1)
  2 rats (D:1)
11 creatures vanquished.

Notes
Turn   | Place    | Note
-------+----------+-------------------------------------------
     0 | D:1      | Narretz the Demigod Transmuter began the quest for the Orb.
     0 | D:1      | Reached XP level 1. HP: 15/15 MP: 5/5
   162 | D:1      | Reached skill level 3 in Unarmed Combat
   350 | D:1      | Reached skill level 1 in Fighting
   350 | D:1      | Reached XP level 2. HP: 23/23 MP: 5/7
   420 | D:1      | Learned a level 2 spell: Sticks to Snakes
   559 | D:1      | Slain by a kobold

Skill      XL: |  1 |
---------------+----+-----
Unarmed Combat | 3 |  3.1
Fighting       | 1 |  1.0
Dodging        | |  1.8
Stealth        | |  0.1
Spellcasting   | |  1.9
Transmutations | |  1.9

Action                   || total
-------------------------++-------
Melee: Unarmed           ||    31
       Kick              ||     3
       Headbutt          ||     4
 Cast: Beastly Appendage ||     8
 Stab: Sleeping          ||     1
Dodge: Dodged            ||    17
